AoeStats
← MP

Arabia

510369722Analyzed
2v2 RM · 23h ago on Sep 30, 2026· 40m 12s· 4 players
Game mode
Random Map
Map size
Medium (4 player)
Population
200
Speed
Normal
Resources
Standard
Victory
Conquest
Starting age
Dark Age
Ending age
Imperial Age
RankedLock teamsTeams togetherTeam positionsShared explorationLock speedFull tech treeHidden civsTurbo modeCheats
Victory
Defeat
🇷🇴 Bohemians · Romania
1018
+14
🇧🇪 Khitans · Belgium
925
+17
🇨🇴 Malians · Colombia
977
-16
🇧🇷 Turks · Brazil
955
-15
MP
12:28 Feudal Age
12:31 Loom
16:52 Castle Age
18:43 Wheelbarrow
26:37 Double-Bit Axe
31:53 Hand Cart
35:10 Imperial Age
35:57 Artillery
38:36 Gold Mining
Dovalle95
4:34 Loom
11:36 Feudal Age
17:43 Bloodlines
19:44 Scale Barding Armor
19:49 Forging
23:08 Castle Age
21:47 Double-Bit Axe
21:47 Horse Collar
23:01 Scale Mail Armor
23:34 Pikeman
28:26 Husbandry
Ryu
11:25 Feudal Age
9:41 Loom
11:58 Double-Bit Axe
15:35 Fletching
16:21 Padded Archer Armor
22:04 Castle Age
21:55 Forging
23:15 Bow Saw
22:56 Crossbowman
24:54 Pikeman
28:48 Iron Casting
30:39 Scale Barding Armor
30:24 Horse Collar
38:17 Imperial Age
38:37 Bodkin Arrow
39:28 Leather Archer Armor
40:51 Heavy Plow
tooneytoone
9:19 Feudal Age
18:27 Castle Age
17:24 Scale Barding Armor
17:30 Forging
17:39 Double-Bit Axe
26:26 Wheelbarrow
28:09 Hand Cart
28:25 Loom
35:09 Imperial Age
34:52 Town Watch
35:32 Chain Barding Armor
35:47 Iron Casting
35:41 Husbandry
35:49 Gold Mining
35:50 Stone Mining
35:26 Elite Steppe Lancer
37:28 Coinage
37:29 Conscription
37:17 Ordo Cavalry
41:22 Plate Barding Armor
Connection lost

Rejoining the realm…

Still unreachable

The connection could not be restored.

Session expired

The server has moved on; the page needs a fresh start.